 Dungeon Crawl Stone Soup version 0.29.1-15-g9cfb28693d (webtiles) character file.

Game seed: 8638793558009618372

8347 hawla the Thaumaturge (level 11, 0/79 HPs)
             Began as a Meteoran Fire Elementalist on Mar 5, 2023.
             Was a Follower of Vehumet.
             Slain by a kobold brigand
             ... wielding a +1 short sword of venom
              (1 damage)
             ... on level 10 of the Dungeon.
             The game lasted 00:20:04 (4608 turns).

hawla the Thaumaturge (Meteoran Fire Elementalist)  Turns: 4608, Time: 00:20:05

Health: 0/79       AC:  8    Str: 15    XL:     11   Next: 83%
Magic:  9/27       EV: 14    Int: 28    God:    Vehumet [*.....]
Gold:   477        SH:  0    Dex: 21    Spells: 22/33 levels left

rFire   + + .      SeeInvis .   h - staff of fire
rCold   + + +      Faith    .   (no shield)
rNeg    . . .      Spirit   .   n - +2 robe {rC+ rF+}
rPois   .          Reflect  .   u - +0 helmet
rElec   .          Harm     .   (no cloak)
rCorr   .          Rampage  .   (no gloves)
Will    ++...                   w - +2 pair of boots
Stlth   +.........              k - amulet "Tyeb" {Acrobat *Corrode Fly Str-3 Int+8}
HPRegen 0.23/turn               i - ring "Idghu" {rC++ Str+7 Dex+6}
MPRegen 0.20/turn               p - ring of willpower

@: lethally poisoned (0 -> -11), flying, very slightly contaminated, glowing
A: sense surroundings 2, otherworldly, glowing, explore regen
a: Renounce Religion


You were on level 10 of the Dungeon.
You worshipped Vehumet.
Vehumet was aware of your devotion.
You visited 2 branches of the dungeon, and saw 11 of its levels.

You collected 477 gold pieces.

Inventory:

Armour
 n - a +2 robe of resistance (worn)
 u - a +0 helmet (worn)
 w - a +2 pair of boots (worn)
Magical Staves
 h - a staff of fire (weapon)
Jewellery
 i - the ring "Idghu" (left hand) {rC++ Str+7 Dex+6}
   (You found it on level 7 of the Dungeon)

   [ring of dexterity]

   Str:       It affects your strength (+7).
   Dex:       It affects your dexterity (+6).
   rC:        It greatly protects you from cold.
 k - the amulet "Tyeb" (around neck) {Acrobat *Corrode Fly Str-3 Int+8}
   (You found it on level 2 of the Dungeon)

   [amulet of the acrobat]

   It increases your evasion while moving and waiting.
   Str:       It affects your strength (-3).
   Int:       It affects your intelligence (+8).
   Fly:       It grants you flight.
   *Corrode:  It may corrode you when you take damage.
 p - a ring of willpower (right hand)
Wands
 m - a wand of charming (8)
Scrolls
 b - a scroll of blinking {unknown}
 d - a scroll of vulnerability {unknown}
 e - 7 scrolls of identify
 g - a scroll of butterflies
 l - 4 scrolls of amnesia
 q - a scroll of enchant armour {unknown}
 r - 4 scrolls of immolation {unknown}
 t - 2 scrolls of teleportation {unknown}
 v - 2 scrolls of torment {unknown}
Potions
 a - 6 potions of heal wounds {unknown}
 c - 3 potions of brilliance {unknown}
 f - a potion of ambrosia {unknown}
 j - a potion of haste {unknown}
 o - 2 potions of magic
 s - 2 potions of curing
 x - a potion of might {unknown}


   Skills:
 + Level 1.7 Fighting
 + Level 4.0 Dodging
 - Level 1.4 Stealth
 + Level 11.7 Spellcasting
 + Level 8.3 Conjurations
 + Level 7.9 Necromancy
 + Level 11.7 Fire Magic
 + Level 3.0 Evocations


You had 22 spell levels left.
You knew the following spells:

 Your Spells              Type           Power      Damage    Failure   Level
a - Foxfire               Conj/Fire      100%       2x1d9     1%          1
b - Scorch                Fire           100%       2d10      1%          2
c - Flame Wave            Conj/Fire      83%        2d18      1%          4
d - Dispel Undead         Necr           57%        3d20      1%          4

Your spell library contained the following spells:

 Spells                   Type           Power      Damage    Failure   Level
 Sandblast                Erth           32%        2d9       3%          1
 Magic Dart               Conj           100%       1d8       1%          1
 Necrotise                Necr           100%       1d9       1%          1
 Static Discharge         Conj/Air       39%        3-8/arc   1%          2
 Conjure Flame            Conj/Fire      83%        6-21      1%          3
 Inner Flame              Hex/Fire       65%        N/A       1%          3
 Sticky Flame             Conj/Fire      83%        2d9       1%          4
 Apportation              Tloc           32%        N/A       3%          1
 Summon Small Mammal      Summ           64%        N/A       3%          1
 Mephitic Cloud           Conj/Pois/Air  31%        N/A       3%          3
 Blink                    Tloc           32%        N/A       4%          2
 Call Imp                 Summ           16%        N/A       4%          2
 Call Canine Familiar     Summ           16%        N/A       10%         3
 Lesser Beckoning         Tloc           16%        N/A       10%         3
 Summon Guardian Golem    Hex/Summ       16%        N/A       10%         3
 Manifold Assault         Tloc           16%        N/A       67%         5


Dungeon Overview and Level Annotations

Branches:
Dungeon (10/15) Zot: 1432  Temple (1/1) D:4 Zot: 556
   Lair: D:8-11         Orc: D:9-12

Altars:
Ashenzari
Cheibriados
Dithmenos
Fedhas
Hepliaklqana
Kikubaaqudgha
Makhleb
Nemelex Xobeh
Okawaru
Qazlal
Ru
Sif Muna
Trog
Uskayaw
Vehumet
Wu Jian
Xom
Yredelemnul
Zin
The Shining One

Annotations:
D:10 2 runed translucent doors, Smoke131's ghost, journeyman DrFE


Innate Abilities, Weirdness & Mutations

You passively map the area around you.
You are easily found by Zot.
You glow in the dark.
You regain HP and MP as you explore.


Message History

The death knight hits you with a +0 great sword!
The orc warrior closely misses your butterfly.
The kobold brigand hits you but does no damage.
You are poisoned.
Casting: Scorch (safe; 1% risk of failure)
Confirm with . or Enter, or press ? or * to list all spells.
You feel a surge of power!
You conjure some foxfire!
You feel sick.
The centaur hits you but does no damage.
The centaur kicks you but does no damage.
The centaur completely misses you. The centaur barely misses you.
The death knight closely misses you.
The orc warrior closely misses your butterfly.
The kobold brigand barely misses you.
Casting: Foxfire (safe; 1% risk of failure)
Confirm with . or Enter, or press ? or * to list all spells.
You feel a surge of power!
You miscast Scorch.
You are very lightly contaminated with residual magic.
Nothing appears to happen.
You feel sick.
The foxfire hits the kobold brigand but does no damage.
The kobold brigand is severely wounded.
The foxfire hits the death knight but does no damage.
The death knight is moderately wounded.
The centaur misses you. The centaur barely misses you.
The death knight calls down the wrath of Yredelemnul upon you.
Your body is wracked with pain!
The kobold brigand hits you with a +1 short sword of venom.
You are more poisoned.
As you read the scroll labelled QISKEN IMUM, it crumbles to dust.
It is a scroll of amnesia.
Really abort (and waste the scroll)?
Okay, then.
You feel very sick. The centaur misses you. The centaur closely misses you.
The centaur hits you.
* * * LOW HITPOINT WARNING * * *
The centaur kicks you but does no damage.
The death knight hits you with a +0 great sword!!
* * * LOW HITPOINT WARNING * * *
An orc warrior comes into view. It is wielding a +0 war axe.
The kobold brigand hits you with a +1 short sword of venom.
You die...

,, , * ..* , #.##### ,
.o.$.# .# ####.#...## ,
,,......
###.###......#..# ......
#..#..###......## , *
*#.....##..#..##..[..###
, #...b.. #.#####.†[##
,, **#.bb.b##.#..# ##.##
, , * *#...cp###..# #.#
* #bo@Kz##'## #.#
#.##))....###'## **#
######.##...## * , , ,
##.......## * ,, *
.......#.......## ,
....##..........## , ,
.. ............'# , * **
,* ,<..............## *
* ..####.......##


You could see a death knight (combustible, ally target), 2 orc warriors, a
kobold brigand, a centaur (ally target) and a wight.

Vanquished Creatures
  3 two-headed ogres
  The ghost of cdecastro the Cleaver, a novice MiFi of Okawaru (D:7)
  A moth of wrath (D:7)
  A gargoyle (D:10)
  A polar bear (D:10)
  2 centaur simulacra (D:10)
  2 wyverns
  An unseen horror simulacrum (D:10)
  Grum (D:10)
  A redback (D:7)
  2 acid dragons
  3 orc warriors
  2 sky beasts (D:7)
  5 ice beasts
  2 black bears (D:7)
  6 centaurs
  3 wolves (D:10)
  2 phantoms (D:4)
  2 kobold brigands
  A scorpion (D:4)
  4 bullfrogs
  16 killer bees
  3 electric eels
  A howler monkey (D:10)
  5 hounds
  3 jellies
  A gnoll bouda (D:8)
  5 orc priests
  An iguana (D:6)
  3 orc wizards
  10 gnolls
  A shadow imp (D:7)
  2 white imps (D:10)
  2 ufetubi
  22 orcs
  3 ball pythons
  2 bats
  2 giant cockroaches (D:4)
  2 goblins
  2 hobgoblins
  2 quokkas
  A frilled lizard (D:1)
  7 kobolds
  3 rats
145 creatures vanquished.

Vanquished Creatures (others)
  244 foxfires
244 creatures vanquished.

Grand Total: 389 creatures vanquished

Notes
Turn   | Place    | Note
-------+----------+-------------------------------------------
     0 | D:1      | hawla the Meteoran Fire Elementalist began the quest for
                  | the Orb.
     0 | D:1      | Reached XP level 1. HP: 14/14 MP: 5/5
    72 | D:1      | Reached XP level 2. HP: 20/20 MP: 3/6
    85 | D:1      | Learned a level 2 spell: Scorch
   228 | D:2      | You fall into a shaft and drop 1 floor!
   348 | D:4      | Reached XP level 3. HP: 26/26 MP: 2/8
   355 | D:4      | Found a staircase to the Ecumenical Temple.
   361 | Temple   | Entered the Ecumenical Temple
   429 | D:4      | Noticed a phantom
   435 | D:4      | Killed a phantom
   436 | D:4      | Reached skill level 5 in Fire Magic
   436 | D:4      | Reached XP level 4. HP: 33/33 MP: 3/10
   436 | D:4      | Reached XP level 5. HP: 38/38 MP: 3/11
   441 | D:4      | Learned a level 4 spell: Flame Wave
   459 | D:4      | Reached XP level 6. HP: 45/45 MP: 4/12
   706 | D:4      | Reached skill level 5 in Conjurations
   717 | D:4      | Reached XP level 7. HP: 32/50 MP: 3/14
  1070 | D:2      | Identified the amulet "Tyeb" {Acrobat *Corrode Fly Str-3
                  | Int+8}
  1093 | D:2      | You are sucked into a shaft and drop 1 floor!
  1121 | D:5      | Entered Level 5 of the Dungeon
  1247 | D:6      | Found a blossoming altar of Fedhas.
  1260 | D:6      | Reached skill level 5 in Spellcasting
  1284 | D:6      | Found a shadowy altar of Dithmenos.
  1438 | D:6      | Reached XP level 8. HP: 24/57 MP: 8/16
  1442 | D:6      | Identified the +1 robe of Noon {+Inv}
  1843 | D:6      | Found a shimmering blue altar of Sif Muna.
  1929 | D:5      | Found a hide-covered altar of Uskayaw.
  2087 | D:7      | Gained mutation: You passively map the area around you.
                  | [Meteoran growth]
  2087 | D:7      | Reached XP level 9. HP: 10/63 MP: 13/20
  2122 | D:7      | Reached skill level 1 in Fighting
  2122 | D:7      | Noticed a two-headed ogre
  2144 | D:7      | Killed a two-headed ogre
  2255 | D:7      | Reached XP level 10. HP: 71/71 MP: 17/24
  2275 | D:7      | Found a transporter.
  2281 | D:7      | Found a transporter.
  2285 | D:7      | Noticed a moth of wrath
  2290 | D:7      | Noticed cdecastro's ghost (novice MiFi)
  2335 | D:7      | Learned a level 4 spell: Dispel Undead
  2393 | D:7      | Reached skill level 1 in Necromancy
  2559 | D:7      | Killed a moth of wrath
  2560 | D:7      | Reached skill level 5 in Necromancy
  2562 | D:7      | Killed cdecastro's ghost
  2571 | D:7      | Identified the ring "Idghu" {rC++ Str+7 Dex+6}
  2625 | D:8      | Found a radiant altar of Vehumet.
  2633 | D:8      | Became a worshipper of Vehumet
  2782 | D:8      | Reached skill level 1 in Evocations
  3087 | D:8      | Found a basalt altar of Yredelemnul.
  3282 | D:8      | Noticed a two-headed ogre
  3286 | D:8      | Killed a two-headed ogre
  3287 | D:8      | Reached XP level 11. HP: 52/77 MP: 17/25
  3482 | D:9      | Reached skill level 10 in Spellcasting
  3533 | D:9      | Reached skill level 10 in Fire Magic
  3564 | D:9      | Found an ornate altar of the Wu Jian Council.
  3659 | D:9      | Reached * piety under Vehumet
  3659 | D:9      | Offered knowledge of Sandblast by Vehumet.
  4065 | D:10     | Entered Level 10 of the Dungeon
  4146 | D:10     | Found a large runed translucent door.
  4147 | D:10     | Found a large runed translucent door.
  4188 | D:10     | Noticed Grum
  4195 | D:10     | Killed Grum
  4198 | D:10     | Noticed Smoke131's ghost (journeyman DrFE)
  4344 | D:10     | Found a glowing silver altar of Zin.
  4348 | D:10     | Identified the +2 scale mail of the Bespelling Gods {Regen+
                  | Str+2 Int+3 Slay+3}
  4479 | D:10     | Found a glowing golden altar of the Shining One.
  4526 | D:10     | Found a snail-covered altar of Cheibriados.
  4583 | D:10     | Noticed a two-headed ogre
  4593 | D:10     | Noticed a death knight
  4598 | D:10     | Killed a two-headed ogre
  4608 | D:10     | HP: 1/79 [death knight/+0 great sword (21)]
  4608 | D:10     | Slain by a kobold brigand

Illustrated notes

Levels and vault maps discovered:
D:1:      tarquinn_simple_flora_water_e, layout_loops_ring,
          chequers_serial_rivers_room_a
D:2:      layout_basic, ebering_ecumenical_altar_abandoned
D:3:      layout_basic, mainiacjoe_overflow_alcove_4,
          nicolae_gozag_cash_rules_everything_around_me, dreamdust_wishing_well,
          hangedman_decor_peaks_small, minmay_misc_feat_diagonals
D:4:      layout_loops_ring, minmay_temple_entry_steel_oval
D:5:      layout_basic, overflow_temple_1_default, corexii_corridor_pit,
          minmay_fractal_squares_diagonal_5
D:6:      layout_gridville, kennysheep_mini,
          mainiacjoe_overflow_surrounded_room, lemuel_blue_sif_altar
D:7:      nicolae_whirlpool, layout_rooms, gammafunk_ghost_berserking_beasts,
          nrook_mini_backslash, minivault_11
D:8:      layout_basic, nicolae_vehumet_altar_sigil,
          mainiacjoe_overflow_boulevard, serial_curves, eino_curves_02,
          eino_curves_01, roderic_lattice_a
D:9:      layout_basic, mainiacjoe_overflow_brackets, nrook_pool_corridor
D:10:     minmay_s_stair_smasher, layout_loops_corners,
          nicolae_tso_carved_into_rock, cheibriados_altar_1,
          mainiacjoe_overflow_24_doors, ebering_ghost_disaster_area, serial_ice,
          serial_ice_k, serial_ice_n, serial_ice_a, serial_ice_c, serial_ice_m,
          serial_ice_o, minmay_misc_feat_nine_boxes, uniq_grum
Temple:   nicolae_temple_ecumenical_triangle

Skill      XL: |  1  2  3  4  5  6  7  8  9 10 11 |
---------------+----------------------------------+-----
Fire Magic     | 4 5 6 7 9 11 | 11.7
Spellcasting   | 3 4 5 7 9 11 | 11.7
Conjurations   | 2 3 5 6 7 8 |  8.3
Dodging        | 3 4 |  4.0
Fighting       | 1 |  1.7
Necromancy     | 7 |  7.9
Evocations     | 3 |  3.0
Stealth        | |  1.4

Action                   |  1- 3 |  4- 6 |  7- 9 | 10-12 || total
-------------------------+-------+-------+-------+-------++-------
Melee: Unarmed           |     4 |       |       |       ||     4
       Staff             |       |     1 |     1 |     3 ||     5
 Cast: Foxfire           |    19 |    13 |    50 |    62 ||   144
       Scorch            |     7 |    12 |    25 |    46 ||    90
       Flame Wave        |       |       |     4 |    14 ||    18
       Dispel Undead     |       |       |       |     1 ||     1
  Use: Potion            |       |     1 |     7 |     1 ||     9
       Scroll            |       |       |     3 |     2 ||     5
Armor: Robe              |     1 |       |     6 |    21 ||    28
Dodge: Dodged            |     4 |     6 |    17 |    62 ||    89
